 Dungeon Crawl Stone Soup version 0.32-a0-918-g0f22ef8d61 (webtiles) character file.

Game seed: 6158115011431634244

44 javelincjr the Caller (level 3, -2/21 HPs)
             Began as an Octopode Summoner on Apr 10, 2024.
             Slain by Sigmund
             ... wielding a +0 scythe
              (10 damage)
             ... on level 2 of the Dungeon.
             The game lasted 00:06:10 (1435 turns).

javelincjr the Caller (Octopode Summoner)           Turns: 1435, Time: 00:06:10

Health: -2/21      AC:  1    Str:  7    XL:     3   Next: 60%
Magic:  5/6        EV: 12    Int: 19    God:
Gold:   41         SH:  0    Dex: 12    Spells: 6/7 levels left

rFire   . . .        c - +0 short sword
rCold   . . .        (no shield)
rNeg    . . .        (helmet restricted)
rPois   .            (no amulet)
rElec   .            (no ring)
rCorr   .            (no ring)
SInv    .            (no ring)
Will    .....        (no ring)
Stlth   +++          (no ring)
HPRegen 0.23/turn    (no ring)
MPRegen 0.10/turn    (no ring)
                     (no ring)

%: no passive effects
@: no status effects
A: almost no armour, amphibious, 8 rings, camouflage 1, gelatinous body 1,
(nimble swimmer 1), tentacles
a: no special abilities


You were on level 2 of the Dungeon.
You visited 1 branch of the dungeon, and saw 2 of its levels.

You collected 41 gold pieces.

Inventory:

Hand Weapons
 c - a +0 short sword (weapon)
 h - a +0 sling
Missiles
 d - 7 stones
Scrolls
 e - 2 scrolls of identify {unknown}
 f - a scroll of revelation {unknown}
 g - a scroll of teleportation {unknown}
Potions
 a - a potion of magic
 b - a potion of mutation {unknown}


   Skills:
 + Level 2.3 Dodging
 + Level 3.2 Stealth
 * Level 2.5 Spellcasting
 * Level 4.5 Summonings


You had 6 spell levels left.
You knew the following spells:

 Your Spells              Type           Power      Damage    Failure   Level
a - Summon Small Mammal   Summ           76%        N/A       2%          1

Your spell library contained the following spells:

 Spells                   Type           Power      Damage    Failure   Level
 Call Imp                 Summ           38%        N/A       3%          2
 Call Canine Familiar     Summ           19%        N/A       8%          3
 Summon Blazeheart Golem  Fire/Summ      11%        N/A       54%         4
 Summon Lightning Spire   Summ/Air       11%        N/A       54%         4


Dungeon Overview and Level Annotations

Branches:
Dungeon (2/15)

Altars:


Innate Abilities, Weirdness & Mutations

You cannot wear most types of armour.
You are amphibious.
You can wear up to eight rings at the same time.
Your skin changes colour to match your surroundings (Stealth+).
Your rubbery body absorbs attacks. (AC +1, EV +1)
((You are camouflaged when in or above water. (Stealth+)))
You have tentacles for arms and can constrict up to eight enemies at once.


Message History

Things that are here:
a +0 short sword; a kobold corpse A rat comes into view.
A rat is nearby!
The rat squeaks loudly.
An endoplasm comes into view.
Your bat barely misses the rat.
The rat closely misses your bat.
Your bat misses the rat. The rat bites your bat.
Your bat hits the rat but does no damage.
Your rat bites the endoplasm.
Your bat completely misses the rat.
Your rat bites the endoplasm.
Your bat hits the endoplasm but does no damage.
Your bat hits the endoplasm.
The endoplasm jiggles.
The endoplasm barely misses your rat.
Your rat bites the endoplasm.
The endoplasm dies!
You hit the rat.
You kill the rat!
Your bat barely misses something.
Your bat hits something but does no damage.
Your bat completely misses something.
Your bat closely misses something.
Your bat misses something. Something barely misses you.
Your rat disappears in a puff of smoke!
Your bat hits something but does no damage.
No target in view!
No target in view!
Something hits you!
Ouch! That really hurt!
Deactivating autopickup; reactivate with Ctrl-A.
Your bat barely misses something.
Your bat barely misses something.
Your bat hits something. Something hits you.
* * * LOW HITPOINT WARNING * * *
Your bat hits something.
Your bat hits something but does no damage.
Your bat misses something.
Your bat barely misses something.
Your bat hits something. Something hits you but does no damage.
Your bat barely misses something.
Your bat closely misses something.
Something hits you!
You die...

#####.# #.....# ########
##.####### #......#
.......... #......#
##.######### #......#
##........†######......#
#########.......@r..b..#
# #<# #..######.{....# #
#.# #..######......# #
#.# #..#..........##
##### ###.#
####.######.#.# .....
....# #....#.# ......
##### #.#....##......
##+#>)...†......
.####....)..........


You could see a friendly quokka (summoned) and a friendly bat (summoned).

Vanquished Creatures
  An orc (D:2)
  2 ball pythons (D:1)
  A bat (D:2)
  A goblin (D:1)
  3 kobolds
  3 quokkas
  6 rats
17 creatures vanquished.

Vanquished Creatures (collateral kills)
  A dart slug (D:1)
  2 orcs (D:2)
  3 endoplasms
  2 giant cockroaches (D:1)
  A goblin (D:2)
  4 hobgoblins (D:1)
  A kobold (D:1)
  A bat (D:1)
  2 rats (D:1)
17 creatures vanquished.

Grand Total: 34 creatures vanquished

Notes
Turn   | Place    | Note
-------+----------+-------------------------------------------
     0 | D:1      | javelincjr the Octopode Summoner began the quest for the
                  | Orb.
     0 | D:1      | Reached XP level 1. HP: 11/11 MP: 3/3
   192 | D:1      | Reached XP level 2. HP: 17/17 MP: 1/5
   740 | D:1      | Reached XP level 3. HP: 21/21 MP: 3/6
  1435 | D:2      | Slain by Sigmund

Illustrated notes

Levels and vault maps discovered:
D:1:      dpeg_arrival_ratfight, layout_loops_corners
D:2:      layout_basic, minmay_cupped, uniq_sigmund

Skill      XL: |  1  2 |
---------------+-------+-----
Stealth        | 3 |  3.2
Dodging        | |  2.3
Spellcasting   | |  2.5
Summonings     | |  4.5

Action                     || total
---------------------------++-------
  Melee: Unarmed           ||     3
         Constrict         ||    10
         Tentacles         ||     7
         Short sword       ||    24
   Cast: Summon Small Mamm ||    44
   Stab: Distracted        ||     1
 Armour: Skin              ||    15
  Dodge: Dodged            ||    17

Table legend: (Time is in decaauts)
 A = Elapsed time spent in this place.
 B = Non-inter-level travel time spent in this place.
 C = Inter-level travel time spent in this place.
 D = Time resting spent in this place.
 E = Time spent auto-exploring this place.
 F = Levels seen in this place.
 G = Mean time per level.
                   A        B        C        D        E       F      G
               +--------+--------+--------+--------+--------+-----+--------+
         Total |   1434 |   1383 |     51 |      0 |   1112 |   2 |  717.0 |
       Dungeon |   1434 |   1383 |     51 |      0 |   1112 |   2 |  717.0 |
               +--------+--------+--------+--------+--------+-----+--------+

Top non-repeatable levels by time:
     D:1: 1282 daAuts
     D:2: 151 daAuts
